 Dungeon Crawl Stone Soup version 0.29-a0-664-gff9cad4a3d (webtiles) character file.

Game seed: 5329954371695842940

18 xian the Skirmisher (level 2, -1/24 HPs)
             Began as a Demonspawn Fighter on June 23, 2022.
             Slain by a rat (2 damage)
             ... on level 1 of the Dungeon.
             The game lasted 00:01:08 (552 turns).

xian the Skirmisher (Demonspawn Fighter)             Turns: 552, Time: 00:01:09

Health: -1/24      AC:  6    Str: 16    XL:     2   Next: 51%
Magic:  2/2        EV:  8    Int:  9    God:
Gold:   19         SH:  4    Dex: 12    Spells: 1/1 levels left

rFire   . . .      SeeInvis .   a - +0 long sword
rCold   . . .      Faith    .   c - +0 buckler
rNeg    . . .      Spirit   .   b - +0 scale mail
rPois   .          Reflect  .   (no helmet)
rElec   .          Harm     .   (no cloak)
rCorr   .          Rampage  .   (no gloves)
Will    .....                   (no boots)
Stlth   ..........              (no amulet)
HPRegen 0.08/turn               (no ring)
MPRegen 0.08/turn               (no ring)

@: no status effects
A: demonic magic 1
a: no special abilities


You were on level 1 of the Dungeon.
You visited 1 branch of the dungeon, and saw 1 of its levels.

You collected 19 gold pieces.

Inventory:

Hand Weapons
 a - a +0 long sword (weapon)
Armour
 b - a +0 scale mail (worn)
 c - a +0 buckler (worn)
Potions
 d - a potion of might


   Skills:
 + Level 3.2 Fighting
 + Level 1.9 Long Blades
 + Level 3.0 Armour
 + Level 0.2 Dodging
 + Level 2.9 Shields


You had one spell level left.
You didn't know any spells.
Your spell library contained the following spells:

 Spells                   Type           Power      Damage    Failure   Level
 Sandblast                Erth           0%         2d4       88%         1


Dungeon Overview and Level Annotations

Branches:
Dungeon (1/15)

Altars:


Innate Abilities, Weirdness & Mutations

Spells you cast may paralyse adjacent enemies.


Message History

You barely miss the endoplasm.
The endoplasm hits you but does no damage.
A rat comes into view.
The endoplasm hits you but does no damage.
You hit the endoplasm.
The endoplasm is almost dead.
The rat twitches its whiskers.
You block the endoplasm's attack.
You barely miss the endoplasm.
The endoplasm is almost dead.
The endoplasm freezes you.
You are frozen.
The ball python barely misses you. x2
The endoplasm attacks as you move away! You block the endoplasm's attack.
The ball python attacks as you move away!
The ball python bites you.
The endoplasm jiggles.
You hit the ball python.
You kill the ball python!
The endoplasm closely misses you.
The endoplasm hits you but does no damage.
You closely miss the rat. The rat bites you. The endoplasm freezes you.
You are frozen.
The rat twitches its whiskers.
You slash the rat!
You kill the rat!
The endoplasm freezes you.
You are frozen.
The endoplasm freezes you.
You are frozen.
The rat bites you but does no damage.
You barely miss the rat. The rat barely misses you. The endoplasm freezes you.
You are frozen.
* * * LOW HITPOINT WARNING * * *
You closely miss the rat. The rat bites you but does no damage.
The endoplasm freezes you.
You are frozen.
* * * LOW HITPOINT WARNING * * *
You barely miss the rat. The rat bites you.
You die...

###.#.##............# ###.
....#.##.............#......
##
............................
####........................
..P.#....#..................
####.#......................
..P.#.#..#.##..##...........
####.#.#.#.#..####..........
._.#.#.#.....###@r..........
.^..^......###...J###>......
...............#### #.##.##
...#..........## ...
..............# ##.
.##......###### #
.#......... ........###
........#


You could see an endoplasm and a rat.

Vanquished Creatures
  3 ball pythons (D:1)
  2 endoplasms (D:1)
  A giant cockroach (D:1)
  2 kobolds (D:1)
  3 bats (D:1)
  3 goblins (D:1)
  4 rats (D:1)
18 creatures vanquished.

Vanquished Creatures (others)
  A fungus (D:1)
1 creature vanquished.

Grand Total: 19 creatures vanquished

Notes
Turn   | Place    | Note
-------+----------+-------------------------------------------
     0 | D:1      | xian the Demonspawn Fighter began the quest for the Orb.
     0 | D:1      | Reached XP level 1. HP: 18/18 MP: 1/1
   216 | D:1      | Gained mutation: Spells you cast may paralyse adjacent
                  | enemies. [demonic ancestry]
   216 | D:1      | Reached XP level 2. HP: 21/24 MP: 2/2
   254 | D:1      | Found a faded altar of an unknown god.
   309 | D:1      | Got Plato's Reference Book on the Rocks
   551 | D:1      | HP: 1/24 [frozen (3)]
   552 | D:1      | Slain by a rat

Illustrated notes

Levels and vault maps discovered:
D:1:      amcnicky_arrival_wind_blow, layout_rooms,
          shapermc_ecumenical_altar_rom_forum, serial_glass, glass_columns_a,
          glass_columns_c

Skill      XL: |  1  2 |
---------------+-------+-----
Armour         | 3 |  3.0
Fighting       | |  3.2
Long Blades    | |  1.9
Dodging        | |  0.2
Shields        | |  2.9

Action                   || total
-------------------------++-------
Melee: Long sword        ||    50
Armor: Scale mail        ||    32
Dodge: Dodged            ||    34
Block: Buckler           ||    13

Table legend: (Time is in decaauts)
 A = Elapsed time spent in this place.
 B = Non-inter-level travel time spent in this place.
 C = Inter-level travel time spent in this place.
 D = Time resting spent in this place.
 E = Time spent auto-exploring this place.
 F = Levels seen in this place.
 G = Mean time per level.
                   A        B        C        D        E       F      G
               +--------+--------+--------+--------+--------+-----+--------+
         Total |    569 |    569 |      0 |      0 |    392 |   1 |  569.0 |
       Dungeon |    569 |    569 |      0 |      0 |    392 |   1 |  569.0 |
               +--------+--------+--------+--------+--------+-----+--------+

Top non-repeatable levels by time:
     D:1: 569 daAuts
